 Dungeon Crawl Stone Soup version bcrawl-1.15.1 (webtiles) character file.

Game seed: 12035224302912079127

1439 Kerapac the Skirmisher (level 8, 2/124 HPs)
             Began as an Ogre Earth Elementalist on Sept 29, 2019.
             Quit the game on level 5 of the Dungeon.
             The game lasted 00:31:08 (6916 turns).

Kerapac the Skirmisher (Ogre Earth Elementalist)    Turns: 6916, Time: 00:31:08

Health: 2/124      AC: 24    Str: 13    XL:     8   Next: 74%
Magic:  1/16       EV:  1    Int: 18    God:
Gold:   303        SH:  0    Dex:  9    Spells: 12/18 levels left

rFire    . . .     SeeInvis .   f - +0 club
rCold    . . .     Gourm    .   (no shield)
rNeg     + + +     Faith    .   (armour currently unavailable)
rPois    +         Spirit   .   (helmet currently unavailable)
rElec    .         Reflect  .   (cloak currently unavailable)
rCorr    .         Harm     .   (gloves unavailable)
MR       .....     NoTele   +   (boots unavailable)
Stlth    ++........             (no amulet)
HPRegen  0.30/turn              (no ring)
MPRegen  0.15/turn              (no ring)

@: tree-form
A: large, unfitting armour
a: no special abilities


You were on level 5 of the Dungeon.
You were hungry.
You were a tree.
You visited 1 branch of the dungeon, and saw 5 of its levels.

You collected 303 gold pieces.

Inventory:

Hand Weapons
 f - a +0 club (weapon)
Missiles
 b - 8 stones (quivered)
Armour
 c - a +0 robe (melded)
 k - a +1 hat (melded)
 q - a scarf of spirit shield
 v - a scarf of resistance (melded)
 B - +0 gold dragon scales
 C - a +2 pair of boots
Jewellery
 h - a +5 ring of strength {unknown}
 m - a +1 ring of evasion {unknown}
 n - an uncursed ring of protection from magic {unknown}
 r - a +2 ring of intelligence
Wands
 y - a wand of iceblast (20)
Scrolls
 e - 3 scrolls of remove curse
 i - 3 scrolls of noise {unknown}
 j - a scroll of fear {unknown}
 l - 2 scrolls of amnesia {unknown}
 p - 2 scrolls of enchant armour {unknown}
 s - 2 scrolls of teleportation {unknown}
 u - a scroll of blinking {unknown}
 x - a scroll of enchant weapon {unknown}
Potions
 g - 2 potions of might
 o - 3 potions of mutation {unknown}
 t - a potion of lignification
 w - a potion of degeneration
 z - a potion of berserk rage {unknown}
 A - a potion of resistance
 D - 2 potions of invisibility {unknown}
Comestibles
 d - 14 rations {!d}


   Skills:
 + Level 5.7 Fighting
 - Level 1.7 Dodging
 - Level 1.5 Stealth
 + Level 5.5 Spellcasting
 + Level 5.0 Conjurations
 + Level 3.3 Transmutations
 + Level 5.0 Earth Magic


You had 12 spell levels left.
You knew the following spells:

 Your Spells              Type           Power        Failure   Level  Hunger
a - Sandblast             Erth           ###...       1%          1    None
b - Stone Arrow           Conj/Erth      ###...       4%          3    ##.....
c - Passwall              Tmut/Erth      ###.....     3%          2    None

Your spell library contained the following spells:

 Spells                   Type           Power        Failure   Level  Hunger
 Beastly Appendage        Tmut           ###...       3%          1    None
 Sticks to Snakes         Tmut           ###.....     4%          2    None
 Spider Form              Tmut/Pois      ##.          19%         3    ##.....
 Petrify                  Tmut/Erth      ###.....     22%         4    ####...
 Lee's Rapid Deconstruct  Erth           ###.......   41%         5    #####..
 Ice Form                 Ice/Tmut       ##......     54%         4    ####...
 Blade Hands              Tmut           ###.......   65%         5    #####..


Dungeon Overview and Level Annotations

Branches:
Dungeon (5/12)
 Temple: D:4-7

Altars:
Dithmenos
Elyvilon
Fedhas
Kikubaaqudgha
Makhleb
Uskayaw

Shops:
D:4 !   D:5 *


Innate Abilities, Weirdness & Mutations

You are too large for most types of armour.
((You have tough skin. (AC +1)))


Message History

* * * LOW HITPOINT WARNING * * *
The killer bee zombie hits you.
* * * LOW HITPOINT WARNING * * *
Really quaff the potion of lignification?
You turn into a tree.
Your scarf of resistance melds into your body.
Your +1 hat melds into your body.
Your +0 robe melds into your body.
You feel hot and cold all over.
Your roots penetrate the ground.
The killer bee zombie hits you but does no damage. x2
You closely miss the killer bee zombie.
The killer bee zombie is moderately damaged.
The killer bee zombie hits you but does no damage.
The killer bee zombie hits you.
* * * LOW HITPOINT WARNING * * *
You hit the killer bee zombie.
The killer bee zombie is heavily damaged.
The killer bee zombie hits you but does no damage.
The killer bee zombie hits you.
* * * LOW HITPOINT WARNING * * *
Are you sure you want to abandon this character and quit the game? (Confirm with "yes".)

####........##############.#
# #######..# #.# #..# #.#
##########.s# #s#
........##..###### #.#
.##.###.##.......# #.# .##.#
#.###.####.# #.######
.##.###.# #.# #.# #..∩.s..
........###.## #♣# ########
.##.##..##...# #Z# ######
.............# #s# ......
.##.##..##...###.# ######
.##.##.(#........####### ##
#
.##.##.>...................#
#
..........#####...#####..#.
# .#####.#..........##......
# .........######....#.# ..#
#....


You could see a scorpion and a killer bee zombie.

Vanquished Creatures
  A phantom (D:4)
  4 sky beasts
  An ice beast (D:5)
  An ogre (D:4)
  Blork the orc (D:4)
  A howler monkey (D:4)
  2 crimson imps (D:4)
  2 hounds
  2 orc priests (D:5)
  Natasha (thrice) (D:3)
  An iguana (D:4)
  2 orc wizards
  6 worker ants (D:4)
  A worker ant zombie (D:5)
  3 gnolls (D:3)
  7 adders
  A shadow imp (D:5)
  An ooze (D:4)
  2 adder skeletons (D:4)
  3 worms
  5 dart slugs
  2 leopard geckos (D:3)
  6 orcs
  7 bats
  3 giant cockroaches
  6 hobgoblins
  6 jackals (D:2)
  3 ball pythons
  5 frilled lizards
  9 goblins
  13 kobolds
  4 rats
114 creatures vanquished.

Notes
Turn   | Place    | Note
-------+----------+-------------------------------------------
     0 | D:1      | Kerapac the Ogre Earth Elementalist began the quest for the
                  | Orb.
     0 | D:1      | Reached XP level 1. HP: 16/16 MP: 3/3
   507 | D:1      | Reached skill level 1 in Fighting
   507 | D:1      | Reached XP level 2. HP: 5/27 MP: 3/5
  1597 | D:1      | Reached XP level 3. HP: 33/35 MP: 5/7
  1976 | D:1      | Learned a level 3 spell: Stone Arrow
  2342 | D:2      | Reached skill level 1 in Conjurations
  2514 | D:2      | Found a burning altar of Makhleb.
  2534 | D:2      | Reached XP level 4. HP: 5/42 MP: 0/8
  2893 | D:2      | Found an ancient bone altar of Kikubaaqudgha.
  2894 | D:2      | Found a blossoming altar of Fedhas.
  3557 | D:3      | Reached XP level 5. HP: 6/49 MP: 4/9
  3861 | D:3      | Found a shadowy altar of Dithmenos.
  4042 | D:3      | Noticed Natasha
  4054 | D:3      | Killed Natasha
  4165 | D:3      | Reached XP level 6. HP: 59/59 MP: 5/11
  4343 | D:3      | Noticed Natasha
  4346 | D:3      | Killed Natasha
  4467 | D:3      | Found a white marble altar of Elyvilon.
  4632 | D:3      | Noticed Natasha
  4637 | D:3      | Killed Natasha
  4659 | D:4      | Noticed Blork the orc
  4665 | D:4      | Killed Blork the orc
  4730 | D:4      | Learned a level 2 spell: Passwall
  4762 | D:4      | Noticed a sky beast
  4802 | D:4      | Killed a sky beast
  4802 | D:4      | Reached skill level 1 in Transmutations
  4802 | D:4      | Reached XP level 7. HP: 41/67 MP: 3/13
  5372 | D:4      | Reached XP level 8. HP: 59/79 MP: 7/15
  5609 | D:4      | Found a hide-covered altar of Uskayaw.
  5654 | D:4      | Found Apoomisk's Distillery.
  5731 | D:4      | Reached skill level 5 in Spellcasting
  5853 | D:4      | Reached skill level 5 in Fighting
  6128 | D:5      | Entered Level 5 of the Dungeon
  6138 | D:5      | Found Minteol's General Store.
  6881 | D:5      | Reached skill level 5 in Conjurations
  6883 | D:5      | Reached skill level 5 in Earth Magic
  6914 | D:5      | HP: 6/124 [killer bee zombie (3)]
  6915 | D:5      | HP: 2/124 [killer bee zombie (5)]
  6916 | D:5      | Quit the game

Skill      XL: |  1  2  3  4  5  6  7  8 |
---------------+-------------------------+-----
Fighting       | 1 2 3 4 5 |  5.7
Earth Magic    | 3 4 5 |  5.0
Spellcasting   | 3 4 5 |  5.5
Conjurations   | 2 3 4 5 |  5.0
Transmutations | 1 2 3 |  3.3
Dodging        | |  1.7
Stealth        | |  1.5

Action                   |  1- 3 |  4- 6 |  7- 9 || total
-------------------------+-------+-------+-------++-------
Melee: Club              |   162 |   117 |   123 ||   402
       Unarmed           |    10 |       |       ||    10
 Cast: Sandblast         |    22 |    69 |    50 ||   141
       Stone Arrow       |       |     1 |    39 ||    40
  Use: Scroll            |       |       |     6 ||     6
       Potion            |       |       |     3 ||     3
 Stab: Sleeping          |     2 |       |       ||     2
  Eat: Chunk             |     5 |     7 |     9 ||    21
Armor: Robe              |    62 |    58 |    54 ||   174
       Skin              |       |       |     4 ||     4
Dodge: Dodged            |   123 |    87 |    74 ||   284
